 Dungeon Crawl Stone Soup version 0.18-a0-1350-g404b4cb (webtiles) character file.

8662 Duffy the Brawler (level 11, 0/94 HPs)
             Began as a Troll Fighter on Feb 18, 2016.
             Was the Champion of Cheibriados.
             Slain by an orc knight
             ... wielding a +0 battleaxe
              (12 damage)
             ... in a bailey.
             The game lasted 00:11:31 (7108 turns).

Duffy the Brawler (Troll Fighter)                   Turns: 7108, Time: 00:11:32

Health: 0/94       AC: 10    Str: 44    XL:     11   Next: 12%
Magic:  0/13       EV: 16    Int: 20    God:    Cheibriados [******]
Gold:   667        SH:  0    Dex: 25    Spells: 0 memorised, 10 levels left

rFire  + . .     SeeInvis .       - Unarmed
rCold  . . .     Gourm    +     D - +2 robe {rF+}
rNeg   . . .     Faith    .     (no shield)
rPois  .         Spirit   +     (helmet restricted)
rElec  .         Dismiss  .     (no cloak)
rCorr  .         Reflect  .     (gloves unavailable)
SustAt .         Harm     .     (boots unavailable)
MR     .....                    I - amulet of guardian spirit
Stlth  ++........               M - +3 ring of protection
                                W - +5 ring of evasion

@: very slow, not resistant to hostile enchantments, unstealthy
A: unfitting armour, claws 3, fast metabolism 3, gourmand, regeneration 2,
shaggy fur 1, strong 1, tough skin 2
a: Bend Time, Temporal Distortion, Slouch, Step From Time, Renounce Religion


You were in a bailey.
You worshipped Cheibriados.
Cheibriados was exalted by your worship.
You were completely stuffed.

You visited 1 branch of the dungeon, and saw 10 of its levels.
You also visited: Bailey.

You collected 667 gold pieces.


Innate Abilities, Weirdness & Mutations

You are too large for most types of armour.
You have claws for hands.
Your metabolism is lightning-fast.
You like to eat raw meat.
You heal very quickly.
You are covered in fur (AC +1).
You have very tough skin (AC +2).
Your muscles are strong. (Str +2)


   Skills:
 - Level 2.4 Fighting
 - Level 2.4 Dodging
 - Level 2.4 Shields
 - Level 15.8 Unarmed Combat
 + Level 4.0 Invocations


You had 10 spell levels left.
You didn't know any spells.

Inventory:

Hand Weapons
 S - a cursed -1 blowgun
Missiles
 l - 16 poisoned needles
 t - 11 tomahawks (quivered)
 G - 3 steel tomahawks
 H - 3 tomahawks of dispersal
 K - 4 poisoned javelins
Armour
 b - a +0 shield
 D - a +2 robe of fire resistance (worn)
Jewellery
 g - an uncursed ring of protection from magic
 I - an amulet of guardian spirit (around neck)
 M - a +3 ring of protection (right claw)
 O - an uncursed ring of protection from fire
 W - a +5 ring of evasion (left claw)
Wands
 a - a wand of digging (12/24)
 E - a wand of lightning (3/15)
 P - a wand of confusion (21/48)
 Q - a wand of confusion (8/48)
 R - a wand of lightning (7/15)
 V - a wand of enslavement (11/24)
Scrolls
 f - 2 scrolls of amnesia
 i - 4 scrolls of remove curse
 j - 2 scrolls of recharging
 m - 2 scrolls of teleportation
 n - 7 scrolls of identify
 q - 2 scrolls of magic mapping {unknown}
 u - 2 scrolls of fog {unknown}
 y - a scroll of blinking {unknown}
 A - 5 scrolls of immolation {unknown}
 B - a scroll of torment
 F - a scroll of vulnerability
 J - 2 scrolls of fear {unknown}
 Y - a scroll of enchant armour
 Z - 2 scrolls of enchant weapon
Potions
 c - 6 potions of might
 e - 10 potions of curing
 h - 2 potions of brilliance {unknown}
 k - 2 potions of agility {unknown}
 o - a potion of lignification
 r - 5 potions of flight {unknown}
 s - 2 potions of degeneration {unknown}
 v - 5 potions of haste {unknown}
 z - 3 potions of mutation {unknown}
 U - a potion of ambrosia {unknown}
Books
 x - a book of the Earth
Comestibles
 d - 6 bread rations
 p - 4 meat rations
 w - 4 chunks of flesh
 C - 3 beef jerkies
 L - 2 slices of pizza
 N - 10 royal jellies

Dungeon Overview and Level Annotations

Branches:
Dungeon (10/15)            Temple (0/1) D:5            Lair (0/8) D:9
    Orc: D:9-12

Altars:
Cheibriados
Dithmenos
Makhleb
Qazlal
Yredelemnul


Message History

You claw the orc knight! You claw the orc knight.
The orc knight is moderately wounded.
You barely miss the orc knight.
The orc knight is moderately wounded.
The orc closely misses you. The orc knight misses you.
You mangle the orc knight!!
The orc knight is severely wounded.
The orc barely misses you.
You miss the orc knight.
The orc knight is severely wounded.
The orc knight roars a battlecry!
The orc goes into a battle-frenzy!
You mangle the orc knight!!
You kill the orc knight!
Cheibriados appreciates the change of pace.
Your Invocations skill increases to level 4!
The orc hits you but does no damage.
The orc knight hits you with a battleaxe!!
You barely miss the orc knight.
The orc knight hits you with a war axe!!
The orc hits you but does no damage.
You mangle the orc knight!!
The orc knight is heavily wounded.
The orc knight hits you with a battleaxe!!
You scratch the orc knight but do no damage.
Your claw misses the orc knight.
The orc knight is heavily wounded.
The orc hits you but does no damage.
The orc knight roars a battlecry!
The orc goes into a battle-frenzy!
The orc knight hits you with a war axe!!
You scratch the orc knight but do no damage.
The orc knight is heavily wounded.
The orc knight hits you with a battleaxe!
You die... ??...? #...... ....... .....o. ####### .g.ggo.

##.....##.o.ggo.
#......o'..g....
##......o##......
##......
#......go@# .....
#.......
##.......o)##
8.88##.......
#.....}.....#
+###.....}..
#.........##
#.......
#.........#
#.......
##....)..##
#...... #.......#
#..))). ##.....##
##.))). ##)####
####)#


You could see 2 orc knights, 2 orcs and a hobgoblin.

Action                   |  1- 3 |  4- 6 |  7- 9 | 10-12 || total
-------------------------+-------+-------+-------+-------++-------
Melee: Unarmed           |    82 |   109 |   293 |   228 ||   712
  Use: Scroll            |       |     1 |       |     9 ||    10
       Potion            |       |       |       |     1 ||     1
 Stab: Sleeping          |       |       |     1 |     3 ||     4
       Distracted        |       |       |       |     1 ||     1
  Eat: Chunk             |    19 |    12 |    22 |    11 ||    64

Notes
Turn   | Place    | Note
--------------------------------------------------------------
     0 | D:1      | Duffy the Troll Fighter began the quest for the Orb.
     0 | D:1      | Reached XP level 1. HP: 22/22 MP: 0/0
   190 | D:1      | Reached XP level 2. HP: 29/29 MP: 1/1
   425 | D:1      | Reached skill level 3 in Unarmed Combat
   627 | D:2      | Found a stormy altar of Qazlal.
   742 | D:2      | Reached XP level 3. HP: 24/36 MP: 2/2
  1367 | D:2      | Reached skill level 4 in Unarmed Combat
  1434 | D:3      | Reached XP level 4. HP: 40/44 MP: 3/3
  1743 | D:3      | Noticed Natasha
  1754 | D:3      | Killed Natasha
  1754 | D:3      | Reached skill level 5 in Unarmed Combat
  1841 | D:3      | Noticed Natasha
  1851 | D:3      | Killed Natasha
  1851 | D:3      | Reached XP level 5. HP: 20/50 MP: 4/4
  1956 | D:3      | Noticed Jessica
  1969 | D:3      | Killed Jessica
  1980 | D:3      | Noticed Natasha
  1988 | D:3      | Killed Natasha
  2056 | D:4      | Reached skill level 6 in Unarmed Combat
  2067 | D:4      | Found a stormy altar of Qazlal.
  2067 | D:4      | Found a burning altar of Makhleb.
  2068 | D:4      | Found a snail-covered altar of Cheibriados.
  2078 | D:4      | Became a worshipper of Cheibriados the Contemplative
  2111 | D:4      | Found a shadowy altar of Dithmenos.
  2300 | D:4      | Reached XP level 6. HP: 59/59 MP: 5/5
  2467 | D:4      | Reached skill level 7 in Unarmed Combat
  2634 | D:4      | Noticed Blork the orc
  2640 | D:4      | Killed Blork the orc
  2716 | D:5      | Entered Level 5 of the Dungeon
  2731 | D:5      | Reached XP level 7. HP: 53/66 MP: 6/6
  2774 | D:5      | Reached * piety under Cheibriados
  2774 | D:5      | Reached skill level 8 in Unarmed Combat
  2801 | D:5      | Found a staircase to the Ecumenical Temple.
  2931 | D:5      | Reached skill level 9 in Unarmed Combat
  3011 | D:5      | Reached XP level 8. HP: 52/74 MP: 7/7
  3243 | D:5      | Reached skill level 10 in Unarmed Combat
  3363 | D:6      | Reached ** piety under Cheibriados
  3482 | D:6      | Reached skill level 11 in Unarmed Combat
  4004 | D:6      | Reached *** piety under Cheibriados
  4186 | D:6      | Reached XP level 9. HP: 73/80 MP: 8/8
  4224 | D:7      | Reached skill level 12 in Unarmed Combat
  4485 | D:7      | Reached **** piety under Cheibriados
  4788 | D:8      | Noticed Prince Ribbit
  4801 | D:8      | Killed Prince Ribbit
  4801 | D:8      | Reached skill level 13 in Unarmed Combat
  5751 | D:9      | Reached ***** piety under Cheibriados
  5770 | D:9      | Reached XP level 10. HP: 86/88 MP: 9/9
  5813 | D:9      | Reached skill level 14 in Unarmed Combat
  6003 | D:9      | Noticed Ymberto's ghost (novice HuFE)
  6007 | D:9      | Killed Ymberto's ghost
  6007 | D:9      | Reached skill level 15 in Unarmed Combat
  6045 | D:9      | Found a basalt altar of Yredelemnul.
  6394 | D:9      | Found a staircase to the Lair.
  6614 | D:9      | Gained mutation: Your muscles are strong. (Str +2) [potion of beneficial mutation]
  6646 | D:10     | Entered Level 10 of the Dungeon
  6785 | D:10     | Reached skill level 1 in Invocations
  6789 | D:10     | Reached skill level 2 in Invocations
  6795 | D:10     | Reached XP level 11. HP: 74/94 MP: 7/11
  6801 | D:10     | Reached ****** piety under Cheibriados
  6875 | D:10     | Found a flagged portal.
  6887 | Bailey   | Entered a bailey
  6904 | Bailey   | Reached skill level 3 in Invocations
  7081 | Bailey   | Noticed an orc knight
  7083 | Bailey   | Noticed an orc knight
  7083 | Bailey   | Noticed an orc knight
  7104 | Bailey   | Killed an orc knight
  7104 | Bailey   | Reached skill level 4 in Invocations
  7108 | Bailey   | Slain by an orc knight

Vault maps used:
D:1:      evilmike_arrival_crescent, nrook_mini_backslash, serial_bayou_lagoon_a
D:2:      nicolae_qazlal_general_emergency
D:3:      first_bread, uniq_natasha, uniq_jessica
D:4:      gammafunk_temple_overflow_claw, nicolae_dithmenos_the_darkroom,
          uniq_blork_the_orc
D:5:      minmay_temple_entry_trees
D:6:      kennysheep_generic_room_15
D:8:      uniq_prince_ribbit1
D:9:      lemuel_coloured_pillars_altar, david_lair_shrubbed,
          hangedman_little_slice_of_home
D:10:     special_room, serial_shops, nicolae_shop_behind_doors, enter_bailey_2
Bailey:   bailey_axe_minmay_hex_keep, bailey

Vanquished Creatures
  The ghost of Ymberto the Arsonist, a novice HuFE of Sif Muna
  An orc knight
  A komodo dragon Prince Ribbit
  A wyvern
  14 yaks
  2 hippogriffs
  2 hungry ghosts
  An ice beast
  3 sky beasts
  A necrophage
  4 orc warriors
  2 ogres
  A wasp
  5 phantoms
  2 centaurs Blork the orc
  3 big kobolds
  2 giant frogs
  3 scorpions
  9 killer bees
  2 giant frog zombies
  5 crimson imps
  2 centaur zombies
  7 hounds
  5 jellies
  6 orc priests
  A centaur skeleton Jessica
  A giant frog skeleton
  5 worker ants
  3 iguanas
  Natasha (thrice)
  9 orc wizards
  10 adders
  14 gnolls
  A shadow imp
  5 oozes
  An adder skeleton
  A worm
  4 giant geckos
  61 orcs
  6 bats
  6 giant cockroaches
  24 goblins
  14 hobgoblins
  2 jackals
  3 quokkas
  A ball python
  A giant gecko zombie
  2 giant newts
  19 kobolds
  A quokka skeleton
  8 rats
  2 plants
296 creatures vanquished.
